 Dungeon Sprint DCSS version 0.17-b1-36-g7b1967c (webtiles) character file.

479640 hexophile the Conqueror (level 19, 221/221 HPs)
             Began as a Demonspawn Fighter on Nov 6, 2015.
             Was the Champion of Makhleb.
             Escaped with the Orb!
             The game lasted 00:14:55 (3118 turns).

hexophile the Conqueror (Demonspawn Fighter)        Turns: 3118, Time: 00:14:55

Health: 221/221    AC: 50    Str: 24    XL:     19   Next: 0%
Magic:  35/35      EV: 18    Int: 11    God:    Makhleb [******]
Gold:   0          SH: 35    Dex: 11    Spells: 0 memorised, 18 levels left

rFire  + + .     SeeInvis +     q - +9 broad axe (chaos)
rCold  + + +     Clarity  .     y - +12 gold dragon armour {rC+ rF+ rPois}
rNeg   + . .     SustAt   .     K - +18 shield of the gong {rElec rN+ MR+ EV-5}
rPois  +         Gourm    .     Q - +2 helmet {SInv} {SInv}
rElec  +         Spirit   .     (no cloak)
rCorr  .         Warding  .     O - +2 pair of gloves of Ymoan {rF+ MR+ Int+3}
rMut   .         NoTele   +     G - +0 pair of boots of Weightlessness {MR+ Slay+2}
MR     ++++.                    R - amulet of Tension {*Drain +Rage rPois rC+++ Dex-2}
Stlth  ..........               H - ring of invisibility {+Inv}
                                P - ring of Shaolin {EV+8}

@: very slightly contaminated, incredibly resistant to hostile enchantments,
extremely unstealthy
A: hooves 2, rugged brown scales 3, deterioration 1, dopey 1, powered by death
1, robust 1, spiny 3
a: Minor Destruction, Lesser Servant of Makhleb, Major Destruction, Greater
Servant of Makhleb, Renounce Religion, Evoke Berserk Rage, Evoke Invisibility
0: Orb of Zot


You escaped.
You worshipped Makhleb.
Makhleb was exalted by your worship.
You were not hungry.

You visited 1 branch


Innate Abilities, Weirdness & Mutations

You have hoof-like feet.
You are completely covered in rugged brown scales (AC +3, +7% HP).
You regenerate a little health from kills.
You are robust (+10% HP).
You are completely covered in sharp spines.
Your body sometimes deteriorates upon taking damage.
You are dopey. (Int -2)

Inventory:

Hand Weapons
 q - a +9 broad axe of chaos (weapon)
 w - the +8 mithril axe "Arga" {speed, MR+ Str+2}
   (You took it off a deep elf high priest in the Dungeon)

   Attacks with this weapon are significantly faster.
   It affects your strength (+2).
   It affects your resistance to hostile enchantments.
Armour
 y - a +12 gold dragon armour (worn) {rC+ rF+ rPois}
 G - the +0 pair of boots of Weightlessness (worn) {MR+ Slay+2}
   (You found it in the Dungeon)

   It affects your accuracy and damage with ranged weapons and melee attacks
   (+2).
   It affects your resistance to hostile enchantments.
 K - the +18 shield of the gong (worn) {rElec rN+ MR+ EV-5}
   (You found it in the Dungeon)

   It affects your evasion (-5).
   It insulates you from electricity.
   It protects you from negative energy.
   It affects your resistance to hostile enchantments.
 O - the +2 pair of gloves of Ymoan (worn) {rF+ MR+ Int+3}
   (You found it in the Dungeon)

   It affects your intelligence (+3).
   It protects you from fire.
   It affects your resistance to hostile enchantments.
 Q - a +2 helmet of see invisible (worn) {SInv}
Jewellery
 a - an uncursed amulet of stasis {Stasis}
 A - the amulet "Kaut" {Gourm rElec Str+2}
   (You found it in the Dungeon)

   [amulet of the gourmand]

   It allows you to eat raw meat even when not hungry.
   It affects your strength (+2).
   It insulates you from electricity.
 H - a ring of invisibility (right hand) {+Inv}
 M - an uncursed amulet of guardian spirit {Spirit}
 P - the ring of Shaolin (left hand) {EV+8}
   (You found it in the Dungeon)

   [ring of evasion]

   It affects your evasion (+8).
 R - the amulet of Tension (around neck) {*Drain +Rage rPois rC+++ Dex-2}
   (You found it in the Dungeon)

   [amulet of rage]

   It affects your dexterity (-2).
   It renders you almost immune to cold.
   It protects you from poison.
   It lets you go berserk.
   It causes draining when unequipped.
Wands
 c - a wand of disintegration (7)
 C - a wand of fire (5)
 D - a wand of cold (5)
 E - a wand of draining (5)
Scrolls
 n - 3 scrolls of fog
 p - 3 scrolls of recharging
 t - 5 scrolls of identify
 u - 5 scrolls of remove curse
 z - 2 scrolls of fear
 B - 7 scrolls of brand weapon
Potions
 d - 2 potions of might {Str+5 DMG+1d10}
 e - 2 potions of brilliance {Archmagi Int+5 Wiz++}
 g - 10 potions of heal wounds
 h - 5 potions of haste
 i - 6 potions of magic
 j - 3 potions of berserk rage
 k - 10 potions of curing
 m - 2 potions of resistance {rF+ rC+ rPois rElec rCorr}
 o - 3 potions of agility {Stlth+ Dex+5 EV+5}
Miscellaneous
 b - a legendary deck of defence
 f - a fan of gales
 l - a legendary deck of escape
 s - a lamp of fire
 v - a disc of storms
 F - a plain deck of escape
 I - a box of beasts
 J - a sack of spiders {used: 3}
 L - a phial of floods
 S - a box of beasts
 T - a crystal ball of energy
Comestibles
 r - 2 bread rations
 x - 4 meat rations
 N - 42 fruits


You had 18 spell levels left.
You didn't know any spells.


   Skills:
 O Level 27 Fighting
 - Level 21.5 Axes
 * Level 23.7 Armour
 * Level 23.6 Dodging
 * Level 23.6 Shields
 - Level 14.3 Invocations
 * Level 25.2 Evocations

Dungeon Overview and Level Annotations

Branches:
Dungeon (1/1)

Altars:
Ashenzari
Cheibriados
Dithmenos
Elyvilon
Fedhas
Gozag
Kikubaaqudgha
Makhleb
Nemelex Xobeh
Okawaru
Qazlal
Ru
Sif Muna
Trog
Vehumet
Xom
Yredelemnul
Zin
The Shining One
Beogh
Jiyva
Lugonu

Vault maps used:
D:        sprint_v
There     were no monsters in sight!


Message History

Wisps of vapour drift from the wasp's antennae.
The wasp is severely wounded.
You flicker for a moment.
The wasp is struck by your spines.
You kill the wasp!
Makhleb accepts your kill.
Unknown command.
You slice the orb spider!!
The orb spider is poisoned.
The orb spider is almost dead.
You kill the orb spider!
Makhleb accepts your kill.
You have reached level 19!
Your demonic ancestry asserts itself...
A wave of death washes over you.
You got additional 9 HP.
Restored 9 HP.
You have now: 221/221 HP.
No target in view!
Unknown command.
Found a +2 quarterstaff of speed.
Items here: ††††††
Found twelve items.
Found thirteen items.
You flicker back into view.
Found fourteen items.
Found four items.
Found three items.
You see here an uncursed ring of fire {rF+ rC-}.
You see here a +2 hand axe of chopping.
k - the cursed +0 troll leather armour of Luetufam {+Blink Regen+ rCorr, regen} You drop the cursed +0 troll leather armour of Luetufam {+Blink Regen+ rCorr, regen}.
Found three items.
You see here a +3 spear of venom.
Found three items.
You see here a book of Transfigurations.
Found three items.
Found three items.
You see here a +2 rapier of draining.
You see here an uncursed staff of power {MP+15}.
f - a fan of gales;
k - 10 potions of curing You see here an uncursed staff of power {MP+15}.
You see here a +2 rapier of draining.
An exit appears before you!
Your surroundings seem different!
Found the Orb of Zot.
Found a staircase leading out of the dungeon.
Unknown command.
You see here the Orb of Zot.
You pick up the Orb of Zot!
The Orb lets out a hideous shriek!
The lords of Pandemonium are not amused.
Beware!
Now all you have to do is get back out of the dungeon!
There is a staircase leading out of the dungeon here.
You have escaped!

Action                   |  1- 3 |  4- 6 |  7- 9 | 10-12 | 13-15 | 16-18 | 19-21 || total
-------------------------+-------+-------+-------+-------+-------+-------+-------++-------
Melee: War axe           |    10 |     2 |       |       |       |       |       ||    12
       Broad axe         |       |    15 |    34 |   106 |   326 |   416 |       ||   897
 Abil: Evoke Invisibilit |       |       |       |       |     2 |     4 |       ||     6
Evoke: Sack of spiders   |       |       |       |       |     3 |       |       ||     3
       Disc of storms    |       |       |       |       |       |     5 |       ||     5
  Use: Potion            |     3 |     1 |     1 |     1 |     8 |     2 |       ||    16
       Scroll            |       |       |     4 |     3 |     4 |    10 |       ||    21
 Stab: Invisible         |     2 |       |       |       |    34 |    76 |       ||   112
       Paralysed         |       |       |       |     3 |    10 |    19 |       ||    32
       Petrifying        |       |       |       |       |     3 |     7 |       ||    10
       Petrified         |       |       |       |       |     7 |     1 |       ||     8
       Confused          |       |       |       |       |     1 |     3 |       ||     4
       Held in net/web   |       |       |       |       |     1 |       |       ||     1
  Eat: Bread ration      |       |       |       |       |     3 |       |       ||     3

Notes
Turn   | Place    | Note
--------------------------------------------------------------
     0 | D        | hexophile the Demonspawn Fighter began the quest for the Orb.
     0 | D        | Reached XP level 1. HP: 18/18 MP: 1/1
     0 | D        | Found a roughly hewn altar of Beogh.
     0 | D        | Found a viscous altar of Jiyva.
     0 | D        | Found a corrupted altar of Lugonu.
     0 | D        | Found a white marble altar of Elyvilon.
     0 | D        | Found a sparkling altar of Nemelex Xobeh.
     1 | D        | Found a burning altar of Makhleb.
     1 | D        | Found an iron altar of Okawaru.
     1 | D        | Found a deep blue altar of Sif Muna.
     1 | D        | Found a radiant altar of Vehumet.
     1 | D        | Found a bloodstained altar of Trog.
     1 | D        | Found a shimmering altar of Xom.
     7 | D        | Reached skill level 8 in Fighting
     7 | D        | Gained mutation: You are partially covered in rugged brown scales (AC +1, +3% HP). [demonic ancestry]
     7 | D        | Reached XP level 2. HP: 18/32 MP: 2/2
    66 | D        | Became a worshipper of Makhleb the Destroyer
   152 | D        | Entered arena 1.
   152 | D        | Noticed a yaktaur
   152 | D        | Noticed a yaktaur
   173 | D        | Killed a yaktaur
   173 | D        | Reached skill level 6 in Axes
   173 | D        | Reached XP level 3. HP: 14/38 MP: 3/3
   173 | D        | Reached XP level 4. HP: 16/45 MP: 4/4
   177 | D        | Killed a yaktaur
   177 | D        | Reached * piety under Makhleb
   177 | D        | Reached skill level 11 in Axes
   177 | D        | Reached XP level 5. HP: 18/50 MP: 5/5
   177 | D        | Reached XP level 6. HP: 20/57 MP: 6/6
   188 | D        | Got the ring "Keadghia" {MR+ Int+3}
   371 | D        | Entered arena 2.
   371 | D        | Noticed a draconian
   371 | D        | Noticed a draconian
   371 | D        | Noticed a draconian
   389 | D        | Killed a draconian
   389 | D        | Reached skill level 9 in Fighting
   389 | D        | Reached skill level 12 in Axes
   389 | D        | Gained mutation: You have large cloven feet. [demonic ancestry]
   389 | D        | Reached XP level 7. HP: 34/65 MP: 7/7
   389 | D        | Killed a draconian
   389 | D        | Reached ** piety under Makhleb
   389 | D        | Reached skill level 10 in Fighting
   389 | D        | Reached skill level 13 in Axes
   389 | D        | Gained mutation: You are partially covered in sharp spines. [demonic ancestry]
   389 | D        | Reached XP level 8. HP: 47/74 MP: 8/8
   395 | D        | Killed a draconian
   395 | D        | Reached skill level 11 in Fighting
   395 | D        | Reached skill level 14 in Axes
   404 | D        | Entered arena 3.
   404 | D        | Noticed a scorpion
   404 | D        | Noticed a tarantella
   404 | D        | Noticed a scorpion
   404 | D        | Noticed a scorpion
   407 | D        | Killed a scorpion
   408 | D        | Killed a scorpion
   408 | D        | Reached *** piety under Makhleb
   409 | D        | Killed a tarantella
   409 | D        | Killed a scorpion
   414 | D        | Got the +7 shield of the Enchanted Forest {rC+ Stlth+}
   417 | D        | Entered arena 4.
   417 | D        | Noticed an iron imp
   417 | D        | Noticed a crimson imp
   419 | D        | Reached **** piety under Makhleb
   420 | D        | Killed a crimson imp
   422 | D        | Killed an iron imp
   432 | D        | Entered arena 5.
   432 | D        | Noticed a toenail golem
   432 | D        | Noticed a toenail golem
   432 | D        | Noticed a toenail golem
   432 | D        | Noticed a toenail golem
   432 | D        | Noticed a toenail golem
   440 | D        | Killed a toenail golem
   440 | D        | Reached skill level 15 in Axes
   440 | D        | Gained mutation: You are mostly covered in rugged brown scales (AC +2, +5% HP). [demonic ancestry]
   440 | D        | Reached XP level 9. HP: 77/86 MP: 9/9
   442 | D        | Killed a toenail golem
   442 | D        | Reached skill level 12 in Fighting
   443 | D        | Killed a toenail golem
   443 | D        | Reached skill level 16 in Axes
   448 | D        | Killed a toenail golem
   449 | D        | Killed a toenail golem
   458 | D        | Got the +0 pair of boots of Weightlessness {MR+ Slay+2}
   465 | D        | Entered arena 6.
   465 | D        | Noticed an efreet
   465 | D        | Noticed a fire drake
   465 | D        | Noticed an efreet
   472 | D        | Killed an efreet
   472 | D        | Reached skill level 13 in Fighting
   474 | D        | Killed a fire drake
   474 | D        | Reached ***** piety under Makhleb
   474 | D        | Reached XP level 10. HP: 96/96 MP: 10/10
   478 | D        | Killed an efreet
   478 | D        | Reached skill level 17 in Axes
   487 | D        | Entered arena 7.
   487 | D        | Noticed a wight
   487 | D        | Noticed a phantom
   487 | D        | Noticed a necrophage
   495 | D        | Killed a necrophage
   498 | D        | Killed a wight
   503 | D        | Killed a phantom
   511 | D        | Entered arena 8.
   511 | D        | Noticed an orc warrior
   511 | D        | Noticed an orc wizard
   511 | D        | Noticed an orc warrior
   511 | D        | Noticed an orc priest
   511 | D        | Noticed an orc priest
   515 | D        | Killed an orc priest
   515 | D        | Reached ****** piety under Makhleb
   517 | D        | Killed an orc priest
   518 | D        | Killed an orc warrior
   521 | D        | Killed an orc warrior
   521 | D        | Killed an orc wizard
   527 | D        | Got the cursed +1 chain mail "Feqiddih" {Dex+3}
   530 | D        | Identified the Catalogue of Igneous Confrontation
   532 | D        | Entered arena 9.
   532 | D        | Noticed a necrophage
   532 | D        | Noticed a phantom
   538 | D        | Killed a phantom
   540 | D        | Killed a necrophage
   554 | D        | Entered arena 10.
   554 | D        | Noticed a giant frog
   554 | D        | Noticed a porcupine
   554 | D        | Noticed a komodo dragon
   554 | D        | Noticed an iguana
   554 | D        | Noticed a porcupine
   554 | D        | Noticed a giant frog
   554 | D        | Noticed a wolf
   558 | D        | Killed a wolf
   558 | D        | Reached skill level 3 in Armour
   558 | D        | Reached skill level 1 in Dodging
   558 | D        | Reached skill level 3 in Shields
   560 | D        | Killed a giant frog
   561 | D        | Killed a porcupine
   561 | D        | Killed a porcupine
   562 | D        | Killed a giant frog
   565 | D        | Killed a komodo dragon
   565 | D        | Reached skill level 2 in Dodging
   565 | D        | Killed an iguana
   579 | D        | Entered arena 11.
   579 | D        | Noticed a dryad
   579 | D        | Noticed a wind drake
   579 | D        | Noticed a satyr
   579 | D        | Noticed a spriggan berserker
   579 | D        | Noticed a spriggan rider
   579 | D        | Noticed a spriggan berserker
   580 | D        | Noticed a wind drake
   581 | D        | Noticed a dire elephant
   581 | D        | Noticed a satyr
   582 | D        | Noticed a faun
   585 | D        | Killed a spriggan
   585 | D        | Killed a wasp
   587 | D        | Killed a spriggan berserker
   587 | D        | Reached skill level 14 in Fighting
   587 | D        | Reached skill level 4 in Armour
   587 | D        | Reached skill level 3 in Dodging
   587 | D        | Reached skill level 4 in Shields
   589 | D        | Killed a faun
   589 | D        | Reached skill level 18 in Axes
   592 | D        | Killed a dryad
   594 | D        | Killed a wind drake
   594 | D        | Killed a wind drake
   594 | D        | Reached skill level 5 in Armour
   594 | D        | Reached skill level 5 in Shields
   595 | D        | Killed a dire elephant
   595 | D        | Reached skill level 4 in Dodging
   595 | D        | Gained mutation: You are completely covered in rugged brown scales (AC +3, +7% HP). [demonic ancestry]
   595 | D        | Reached XP level 11. HP: 98/108 MP: 7/11
   596 | D        | Killed a satyr
   601 | D        | Killed a spriggan berserker
   601 | D        | Reached skill level 6 in Armour
   601 | D        | Reached skill level 5 in Dodging
   602 | D        | Killed a satyr
   602 | D        | Reached skill level 6 in Shields
   641 | D        | Entered arena 12.
   641 | D        | Noticed a flayed ghost
   641 | D        | Noticed a hell knight
   641 | D        | Noticed a shadow
   641 | D        | Noticed a wight
   641 | D        | Noticed a necrophage
   642 | D        | Noticed a wraith
   642 | D        | Noticed a shadow
   643 | D        | Noticed a necrophage
   644 | D        | Noticed a hellion
   646 | D        | Killed a wight
   646 | D        | Killed a necrophage
   647 | D        | Killed a wraith
   648 | D        | Killed a flayed ghost
   649 | D        | Killed a hellion
   649 | D        | Killed a shadow
   650 | D        | Killed a shadow
   650 | D        | Reached skill level 6 in Dodging
   651 | D        | Killed a necrophage
   651 | D        | Reached skill level 19 in Axes
   653 | D        | Killed a hell knight
   653 | D        | Reached skill level 7 in Armour
   662 | D        | Entered arena 13.
   663 | D        | Noticed a deep elf master archer
   663 | D        | Noticed a hippogriff
   663 | D        | Noticed a deep elf mage
   663 | D        | Noticed a deep elf blademaster
   663 | D        | Noticed a deep elf master archer
   663 | D        | Noticed a deep elf master archer
   663 | D        | Noticed a deep elf sorcerer
   664 | D        | Noticed a deep elf mage
   664 | D        | Noticed a deep elf blademaster
   664 | D        | Noticed a deep elf high priest
   664 | D        | Noticed a deep elf fighter
   664 | D        | Noticed a deep elf sorcerer
   668 | D        | Killed a deep elf mage
   668 | D        | Reached skill level 15 in Fighting
   671 | D        | Killed a deep elf high priest
   671 | D        | Reached skill level 7 in Shields
   673 | D        | Killed a deep elf fighter
   675 | D        | Killed a deep elf sorcerer
   675 | D        | Reached skill level 7 in Dodging
   678 | D        | Killed a deep elf blademaster
   678 | D        | Reached skill level 8 in Armour
   678 | D        | Reached skill level 8 in Shields
   678 | D        | Reached XP level 12. HP: 111/117 MP: 1/12
   678 | D        | Killed a deep elf master archer
   680 | D        | Killed a deep elf mage
   680 | D        | Reached skill level 8 in Dodging
   681 | D        | Killed a deep elf blademaster
   681 | D        | Reached skill level 20 in Axes
   681 | D        | Reached skill level 9 in Armour
   684 | D        | Killed a deep elf master archer
   684 | D        | Reached skill level 16 in Fighting
   684 | D        | Reached skill level 9 in Shields
   684 | D        | Killed a deep elf master archer
   684 | D        | Reached skill level 9 in Dodging
   685 | D        | Killed a deep elf sorcerer
   686 | D        | Killed a hippogriff
   694 | D        | Got the +2 pair of gloves of Ymoan {rF+ MR+ Int+3}
   703 | D        | Entered arena 14.
   704 | D        | Noticed a harpy
   704 | D        | Noticed a neqoxec
   704 | D        | Noticed a purple ugly thing
   704 | D        | Noticed a giant orange brain
   704 | D        | Noticed an elephant
   704 | D        | Noticed a cyclops
   705 | D        | Noticed a green very ugly thing
   705 | D        | Noticed a queen bee
   705 | D        | Noticed a purple ugly thing
   705 | D        | Noticed a brown ugly thing
   705 | D        | a queen bee changed into an octopode
   706 | D        | Noticed a hill giant
   706 | D        | Noticed a blink frog
   707 | D        | Killed a harpy
   712 | D        | Killed a purple ugly thing
   712 | D        | Reached skill level 10 in Armour
   713 | D        | Noticed a giant orange brain
   715 | D        | Killed a brown ugly thing
   715 | D        | Reached skill level 10 in Shields
   715 | D        | Killed a blink frog
   715 | D        | a giant orange brain changed into a slime creature
   721 | D        | Killed a purple very ugly thing
   721 | D        | Gained mutation: You are mostly covered in sharp spines. [demonic ancestry]
   721 | D        | Reached XP level 13. HP: 127/127 MP: 5/13
   725 | D        | Killed a neqoxec
   726 | D        | Killed a brown ugly thing
   726 | D        | Reached skill level 21 in Axes
   726 | D        | Reached skill level 10 in Dodging
   755 | D        | Entered arena 15.
   756 | D        | Noticed a soul eater
   756 | D        | Noticed a soul eater
   757 | D        | Noticed a soul eater
   766 | D        | Killed a soul eater
   770 | D        | Killed a soul eater
   771 | D        | Killed a soul eater
   778 | D        | Entered arena 16.
   785 | D        | Noticed a golden eye
   785 | D        | Noticed a jelly
   785 | D        | Noticed a slime creature
   785 | D        | Noticed a death ooze
   785 | D        | Noticed a great orb of eyes
   786 | D        | Noticed a slime creature
   786 | D        | Noticed a slime creature
   786 | D        | Noticed a jelly
   786 | D        | Noticed a slime creature
   786 | D        | Noticed a great orb of eyes
   791 | D        | Killed a jelly
   792 | D        | Killed a slime creature
   794 | D        | Noticed a slime creature
   794 | D        | Killed a jelly
   794 | D        | Killed a golden eye
   795 | D        | Noticed a jelly
   795 | D        | Noticed a golden eye
   795 | D        | Noticed a slime creature
   796 | D        | Killed a death ooze
   798 | D        | Killed a great orb of eyes
   798 | D        | Reached skill level 17 in Fighting
   798 | D        | Reached skill level 11 in Armour
   798 | D        | Reached skill level 11 in Shields
   798 | D        | Killed a slime creature
   800 | D        | Killed a slime creature
   802 | D        | Killed a slime creature
   804 | D        | Killed a great orb of eyes
   804 | D        | Killed a slime creature
   807 | D        | Killed a jelly
   808 | D        | Killed a slime creature
   815 | D        | Killed a golden eye
   823 | D        | Entered arena 17.
   826 | D        | Noticed a redback
   826 | D        | Noticed a redback
   826 | D        | Noticed a spider
   826 | D        | Noticed a tarantella
   826 | D        | Noticed an orb spider
   826 | D        | Noticed a tarantella
   827 | D        | Noticed a tarantella
   827 | D        | Noticed a hornet
   827 | D        | Noticed a demonic crawler
   827 | D        | Noticed a wasp
   827 | D        | Noticed a wolf spider
   827 | D        | Noticed a hornet
   827 | D        | Noticed a hornet
   827 | D        | Noticed a trapdoor spider
   828 | D        | Noticed a jumping spider
   829 | D        | Killed a redback
   829 | D        | Reached skill level 1 in Invocations
   831 | D        | Killed a tarantella
   831 | D        | Reached skill level 1 in Evocations
   832 | D        | Killed a spider
   833 | D        | Killed a wasp
   833 | D        | Reached skill level 2 in Invocations
   833 | D        | Killed a tarantella
   833 | D        | Reached skill level 2 in Evocations
   833 | D        | Killed a redback
   833 | D        | Reached skill level 3 in Invocations
   834 | D        | Killed a hornet
   835 | D        | Killed a wolf spider
   835 | D        | Reached skill level 4 in Invocations
   835 | D        | Reached skill level 3 in Evocations
   835 | D        | Killed a hornet
   835 | D        | Reached skill level 5 in Invocations
   835 | D        | Killed a hornet
   835 | D        | Reached skill level 4 in Evocations
   837 | D        | Killed a demonic crawler
   840 | D        | Killed a tarantella
   840 | D        | Reached skill level 6 in Invocations
   841 | D        | Killed a jumping spider
   842 | D        | Killed a trapdoor spider
   844 | D        | Killed a ghost moth
   844 | D        | Reached skill level 7 in Invocations
   844 | D        | Reached skill level 5 in Evocations
   860 | D        | Noticed a trapdoor spider
   862 | D        | Killed a trapdoor spider
   867 | D        | Killed an orb spider
   867 | D        | Reached skill level 8 in Invocations
   867 | D        | Reached skill level 6 in Evocations
   873 | D        | Killed a ghost moth
   873 | D        | Reached skill level 9 in Invocations
   873 | D        | Reached skill level 7 in Evocations
   988 | D        | Entered arena 18.
   991 | D        | Noticed an earth elemental
   991 | D        | Noticed an iron golem
   991 | D        | Noticed a crystal guardian
   991 | D        | Noticed a crystal guardian
   991 | D        | Noticed an earth elemental
   991 | D        | Noticed a quicksilver dragon
   991 | D        | Noticed an earth elemental
   991 | D        | Noticed an earth elemental
   991 | D        | Noticed an iron golem
   992 | D        | Noticed a quicksilver dragon
   992 | D        | Noticed a crystal guardian
   992 | D        | Noticed an iron golem
   993 | D        | Noticed an earth elemental
   993 | D        | Noticed an earth elemental
   994 | D        | Noticed a stone giant
   994 | D        | Noticed an iron golem
   994 | D        | Noticed an earth elemental
   994 | D        | Noticed an iron golem
   994 | D        | Noticed an iron golem
   995 | D        | Noticed an earth elemental
   999 | D        | Killed a crystal guardian
  1001 | D        | Killed a crystal guardian
  1001 | D        | Reached skill level 10 in Invocations
  1005 | D        | Killed a quicksilver dragon
  1005 | D        | Reached skill level 11 in Invocations
  1005 | D        | Reached skill level 8 in Evocations
  1010 | D        | Killed an earth elemental
  1010 | D        | Killed a quicksilver dragon
  1010 | D        | Reached skill level 18 in Fighting
  1010 | D        | Reached skill level 12 in Invocations
  1010 | D        | Reached skill level 9 in Evocations
  1010 | D        | Gained mutation: You are completely covered in sharp spines. [demonic ancestry]
  1010 | D        | Reached XP level 14. HP: 119/139 MP: 7/23
  1015 | D        | Killed an iron golem
  1016 | D        | Killed a stone giant
  1016 | D        | Reached skill level 10 in Evocations
  1018 | D        | Killed a crystal guardian
  1018 | D        | Reached skill level 13 in Invocations
  1019 | D        | Killed an earth elemental
  1019 | D        | Killed an earth elemental
  1024 | D        | Killed an earth elemental
  1025 | D        | Killed an iron golem
  1026 | D        | Killed an earth elemental
  1028 | D        | Killed an iron golem
  1028 | D        | Killed an earth elemental
  1030 | D        | Banished an iron golem
  1032 | D        | Killed an iron golem
  1032 | D        | Reached skill level 11 in Evocations
  1033 | D        | Killed an earth elemental
  1039 | D        | Killed an iron golem
  1039 | D        | Reached skill level 14 in Invocations
  1040 | D        | Killed an earth elemental
  1051 | D        | Killed an iron golem
  1066 | D        | Got the ring of Duink {Str+4 Stlth+}
  1070 | D        | Got the amulet of Tension {*Drain +Rage rPois rC+++ Dex-2}
  1086 | D        | Entered arena 19.
  1096 | D        | Noticed a soul eater
  1096 | D        | Noticed a soul eater
  1096 | D        | Noticed a shadow dragon
  1097 | D        | Noticed a soul eater
  1097 | D        | Noticed a shadow dragon
  1097 | D        | Noticed a soul eater
  1097 | D        | Noticed a soul eater
  1098 | D        | Noticed a shadow dragon
  1098 | D        | Noticed a soul eater
  1103 | D        | Noticed a shadow dragon
  1109 | D        | Killed a soul eater
  1112 | D        | Killed a soul eater
  1114 | D        | Killed a soul eater
  1114 | D        | Reached skill level 11 in Dodging
  1120 | D        | Killed a soul eater
  1125 | D        | Killed a soul eater
  1133 | D        | Killed a shadow dragon
  1133 | D        | Reached skill level 12 in Evocations
  1141 | D        | Killed a shadow dragon
  1141 | D        | Killed a shadow dragon
  1141 | D        | Reached skill level 12 in Armour
  1141 | D        | Reached skill level 12 in Shields
  1151 | D        | Killed a shadow dragon
  1151 | D        | Reached skill level 19 in Fighting
  1157 | D        | Killed a soul eater
  1166 | D        | Got the amulet "Asmoyr" {Inacc +Blink rElec}
  1367 | D        | Entered arena 20.
  1367 | D        | Noticed a hell hound
  1370 | D        | Noticed an iron imp
  1373 | D        | Killed a hell hound
  1375 | D        | Noticed an iron imp
  1378 | D        | Noticed a hell hound
  1379 | D        | Noticed a rust devil
  1380 | D        | Noticed a skeletal warrior
  1380 | D        | Noticed a reaper
  1381 | D        | Noticed a tormentor
  1383 | D        | Noticed a blue devil
  1385 | D        | Killed a blue devil
  1385 | D        | Killed a hell hound
  1386 | D        | Noticed a reaper
  1386 | D        | Noticed a rust devil
  1386 | D        | Noticed an iron imp
  1386 | D        | Noticed a reaper
  1386 | D        | Noticed a rust devil
  1386 | D        | Noticed a blue devil
  1386 | D        | Noticed a rust devil
  1389 | D        | Noticed a reaper
  1390 | D        | Killed a tormentor
  1391 | D        | Noticed an iron imp
  1392 | D        | Noticed a reaper
  1392 | D        | Noticed a wraith
  1393 | D        | Noticed a rust devil
  1394 | D        | Killed an iron imp
  1395 | D        | Killed a reaper
  1395 | D        | Reached skill level 12 in Dodging
  1397 | D        | Killed a rust devil
  1397 | D        | Killed an iron imp
  1398 | D        | Noticed a reaper
  1404 | D        | Killed a rust devil
  1405 | D        | Killed a skeletal warrior
  1406 | D        | Killed a blue devil
  1406 | D        | Reached skill level 13 in Evocations
  1407 | D        | Killed a wraith
  1408 | D        | Killed a reaper
  1410 | D        | Killed a rust devil
  1411 | D        | Killed a rust devil
  1412 | D        | Killed an iron imp
  1422 | D        | Killed a reaper
  1422 | D        | Killed a reaper
  1425 | D        | Killed a rust devil
  1426 | D        | Killed an iron imp
  1428 | D        | Killed a reaper
  1428 | D        | Reached skill level 13 in Armour
  1428 | D        | Reached skill level 13 in Shields
  1439 | D        | Killed a reaper
  1472 | D        | Got the +0 cloak of Hedge Wizardry {*Confuse Dex+5}
  1494 | D        | Entered arena 21.
  1501 | D        | Noticed a naga warrior
  1501 | D        | Noticed a water moccasin
  1501 | D        | Noticed a water moccasin
  1502 | D        | Noticed an anaconda
  1502 | D        | Noticed a greater naga
  1502 | D        | Noticed a naga
  1502 | D        | Noticed a black mamba
  1502 | D        | Noticed an anaconda
  1502 | D        | Noticed a black mamba
  1502 | D        | Noticed a greater naga
  1502 | D        | Noticed a naga warrior
  1503 | D        | Noticed an anaconda
  1503 | D        | Noticed a naga mage
  1503 | D        | Noticed a greater naga
  1503 | D        | Noticed a naga warrior
  1503 | D        | Noticed a black mamba
  1503 | D        | Noticed a water moccasin
  1503 | D        | Noticed a naga warrior
  1503 | D        | Noticed a naga mage
  1503 | D        | Noticed a water moccasin
  1503 | D        | Noticed a black mamba
  1505 | D        | Noticed a greater naga
  1508 | D        | Killed an anaconda
  1508 | D        | Killed a black mamba
  1509 | D        | Killed a black mamba
  1511 | D        | Noticed a naga mage
  1511 | D        | Killed an anaconda
  1511 | D        | Gained mutation: You have hoof-like feet. [demonic ancestry]
  1511 | D        | Reached XP level 15. HP: 150/150 MP: 22/25
  1511 | D        | Killed a water moccasin
  1517 | D        | Killed a greater naga
  1517 | D        | Reached skill level 13 in Dodging
  1521 | D        | Killed a naga warrior
  1521 | D        | Reached skill level 14 in Evocations
  1521 | D        | Killed a black mamba
  1522 | D        | Killed a greater naga
  1526 | D        | Killed a water moccasin
  1526 | D        | Reached skill level 20 in Fighting
  1528 | D        | Killed a water moccasin
  1529 | D        | Killed a naga mage
  1533 | D        | Killed a naga warrior
  1534 | D        | Killed a greater naga
  1537 | D        | Killed a greater naga
  1537 | D        | Killed a black mamba
  1539 | D        | Killed an anaconda
  1539 | D        | Reached skill level 14 in Armour
  1540 | D        | Killed a water moccasin
  1540 | D        | Reached skill level 14 in Shields
  1542 | D        | Killed a naga mage
  1544 | D        | Killed a naga
  1546 | D        | Killed a naga warrior
  1547 | D        | Killed a naga mage
  1552 | D        | Killed a naga warrior
  1564 | D        | Got the ring "Zaiseo" {Ice rN+}
  1573 | D        | Got the cursed +1 morningstar "Wobaugh" {crush, rPois rF- Str+4 Int+3}
  1577 | D        | Entered arena 22.
  1945 | D        | Noticed a ynoxinul
  1945 | D        | Noticed Xirph the pandemonium lord
  1945 | D        | Noticed a putrid black sun
  1945 | D        | Noticed Yrphubeax the pandemonium lord
  1945 | D        | Noticed Ynel the pandemonium lord
  1946 | D        | Noticed Mewav the pandemonium lord
  1946 | D        | Noticed Voje the pandemonium lord
  1946 | D        | Noticed a hellwing
  1946 | D        | Noticed Jeifogaa the pandemonium lord
  1946 | D        | Noticed Wianuul the pandemonium lord
  1947 | D        | Noticed Cemnakanikh the pandemonium lord
  1947 | D        | Noticed a blizzard demon
  1947 | D        | Noticed an ice devil
  1947 | D        | Noticed Ycastrext the pandemonium lord
  1947 | D        | Noticed an Executioner
  1947 | D        | Noticed a sixfirhy
  1947 | D        | Noticed Kolig the pandemonium lord
  1947 | D        | Noticed a hell hog
  1948 | D        | Noticed Kecvocla the pandemonium lord
  1950 | D        | Noticed a sixfirhy
  1951 | D        | Noticed a tentacled monstrosity
  1951 | D        | Noticed an Executioner
  1954 | D        | Noticed a balrug
  1956 | D        | Noticed Hirotwio the pandemonium lord
  1958 | D        | Noticed Otororas the pandemonium lord
  1959 | D        | Noticed Weer the pandemonium lord
  1960 | D        | Killed Voje the pandemonium lord
  1960 | D        | Reached skill level 14 in Dodging
  1960 | D        | Reached skill level 15 in Evocations
  1961 | D        | Noticed Cipruin the pandemonium lord
  1961 | D        | Noticed Horhe the pandemonium lord
  1961 | D        | Killed an Executioner
  1962 | D        | Noticed Guphoal the pandemonium lord
  1962 | D        | Noticed Gyceabep the pandemonium lord
  1964 | D        | Noticed Antiodoyv the pandemonium lord
  1967 | D        | Killed a sixfirhy
  1969 | D        | Noticed Faimot the pandemonium lord
  1970 | D        | Killed Jeifogaa the pandemonium lord
  1971 | D        | Noticed a large abomination
  1973 | D        | Noticed a tentacled monstrosity
  1980 | D        | Killed Xirph the pandemonium lord
  1980 | D        | Reached skill level 15 in Armour
  1980 | D        | Reached skill level 15 in Shields
  1982 | D        | Noticed Niolonwi the pandemonium lord
  1988 | D        | Killed Weer the pandemonium lord
  1988 | D        | Reached skill level 21 in Fighting
  1988 | D        | Reached skill level 15 in Dodging
  1988 | D        | Reached skill level 16 in Evocations
  1993 | D        | Killed Kecvocla the pandemonium lord
  1996 | D        | Killed Ycastrext the pandemonium lord
  1996 | D        | Reached skill level 16 in Armour
  1996 | D        | Reached skill level 16 in Dodging
  1996 | D        | Reached skill level 16 in Shields
  1996 | D        | Reached skill level 17 in Evocations
  1996 | D        | Gained mutation: You are robust (+10% HP). [demonic ancestry]
  1996 | D        | Reached XP level 16. HP: 179/179 MP: 26/28
  1998 | D        | Noticed an Executioner
  2006 | D        | Noticed a Brimstone Fiend
  2007 | D        | Killed Kolig the pandemonium lord
  2007 | D        | Reached skill level 22 in Fighting
  2019 | D        | Killed Mewav the pandemonium lord
  2027 | D        | Killed a balrug
  2029 | D        | Killed Hirotwio the pandemonium lord
  2029 | D        | Reached skill level 17 in Armour
  2029 | D        | Reached skill level 17 in Shields
  2029 | D        | Reached skill level 18 in Evocations
  2033 | D        | Noticed a tentacled monstrosity
  2038 | D        | Entered arena 23.
  2041 | D        | Gained mutation: Your body sometimes deteriorates upon taking damage. [mutagenic glow]
  2071 | D        | Gained mutation: You are dopey. (Int -2) [mutagenic glow]
  2428 | D        | Noticed a merfolk javelineer
  2428 | D        | Noticed a centaur warrior
  2428 | D        | Noticed a centaur
  2428 | D        | Noticed a yaktaur
  2428 | D        | Noticed a centaur
  2428 | D        | Noticed a centaur warrior
  2428 | D        | Noticed a centaur warrior
  2429 | D        | Noticed a centaur warrior
  2429 | D        | Noticed a yaktaur
  2429 | D        | Noticed a cyclops
  2429 | D        | Noticed a cyclops
  2429 | D        | Noticed a yaktaur captain
  2429 | D        | Noticed a cyclops
  2430 | D        | Noticed a deep elf master archer
  2430 | D        | Noticed a stone giant
  2430 | D        | Noticed a cyclops
  2430 | D        | Noticed a yaktaur captain
  2431 | D        | Noticed a centaur
  2431 | D        | Noticed a deep elf master archer
  2431 | D        | Noticed a merfolk javelineer
  2431 | D        | Noticed a centaur warrior
  2431 | D        | Noticed a yaktaur captain
  2432 | D        | Noticed a yaktaur captain
  2432 | D        | Noticed a yaktaur
  2432 | D        | Noticed a stone giant
  2432 | D        | Noticed a cyclops
  2433 | D        | Noticed a cyclops
  2434 | D        | Noticed a yaktaur
  2434 | D        | Killed a centaur
  2435 | D        | Killed a centaur warrior
  2435 | D        | Killed a centaur warrior
  2437 | D        | Noticed a yaktaur captain
  2437 | D        | Noticed a merfolk javelineer
  2437 | D        | Noticed a deep elf master archer
  2442 | D        | Killed a deep elf master archer
  2442 | D        | Reached skill level 17 in Dodging
  2443 | D        | Noticed a centaur
  2444 | D        | Killed a yaktaur captain
  2444 | D        | Killed a yaktaur captain
  2445 | D        | Noticed a deep elf master archer
  2446 | D        | Noticed a deep elf master archer
  2446 | D        | Noticed a centaur warrior
  2446 | D        | Killed a cyclops
  2447 | D        | Noticed a merfolk javelineer
  2447 | D        | Killed a centaur warrior
  2449 | D        | Noticed a cyclops
  2450 | D        | Noticed a yaktaur
  2452 | D        | Killed a yaktaur
  2453 | D        | Noticed a merfolk javelineer
  2453 | D        | Killed a centaur warrior
  2457 | D        | Killed a cyclops
  2457 | D        | Killed a yaktaur
  2457 | D        | Killed a cyclops
  2457 | D        | Killed a yaktaur
  2460 | D        | Killed a centaur
  2463 | D        | Killed a stone giant
  2463 | D        | Killed a centaur
  2465 | D        | Killed a deep elf master archer
  2466 | D        | Killed a deep elf master archer
  2466 | D        | Reached skill level 23 in Fighting
  2466 | D        | Killed a yaktaur captain
  2467 | D        | Killed a yaktaur captain
  2468 | D        | Killed a cyclops
  2468 | D        | Killed a deep elf master archer
  2468 | D        | Reached skill level 18 in Armour
  2468 | D        | Reached skill level 18 in Shields
  2468 | D        | Reached skill level 19 in Evocations
  2469 | D        | Killed a cyclops
  2469 | D        | Killed a cyclops
  2470 | D        | Killed a centaur warrior
  2470 | D        | Killed a yaktaur captain
  2472 | D        | Killed a centaur
  2475 | D        | Killed a merfolk javelineer
  2475 | D        | Killed a centaur warrior
  2475 | D        | Reached skill level 18 in Dodging
  2476 | D        | Killed a yaktaur
  2477 | D        | Killed a deep elf master archer
  2478 | D        | Killed a stone giant
  2479 | D        | Killed a merfolk javelineer
  2480 | D        | Killed a merfolk javelineer
  2482 | D        | Killed a yaktaur
  2484 | D        | Killed a merfolk javelineer
  2485 | D        | Killed a cyclops
  2491 | D        | Killed a merfolk javelineer
  2496 | D        | Got the amulet of Suspected Treachery {Gourm MP+9}
  2502 | D        | Entered arena 24.
  2502 | D        | Noticed a wolf
  2505 | D        | Killed a wolf
  2511 | D        | Noticed a spriggan defender
  2512 | D        | Noticed a spriggan air mage
  2512 | D        | Noticed a faun
  2512 | D        | Noticed a spriggan defender
  2512 | D        | Noticed a spriggan air mage
  2512 | D        | Noticed a spriggan berserker
  2513 | D        | Noticed a spriggan defender
  2513 | D        | Noticed a spriggan berserker
  2513 | D        | Noticed a shambling mangrove
  2513 | D        | Noticed a spriggan berserker
  2513 | D        | Noticed a spriggan air mage
  2514 | D        | Noticed a spriggan defender
  2515 | D        | Noticed a spriggan defender
  2515 | D        | Noticed a spriggan defender
  2515 | D        | Noticed a spriggan air mage
  2515 | D        | Noticed a spriggan air mage
  2515 | D        | Noticed an anaconda
  2515 | D        | Noticed an apis
  2515 | D        | Noticed a spriggan berserker
  2515 | D        | Noticed a dryad
  2515 | D        | Noticed a spriggan defender
  2515 | D        | Noticed a spriggan air mage
  2516 | D        | Noticed a wind drake
  2518 | D        | Noticed a spriggan berserker
  2521 | D        | Noticed a spriggan air mage
  2521 | D        | Killed a spriggan berserker
  2522 | D        | Noticed a spriggan air mage
  2523 | D        | Noticed a spriggan air mage
  2523 | D        | Noticed a spriggan rider
  2523 | D        | Noticed a spriggan berserker
  2523 | D        | Killed a spriggan air mage
  2523 | D        | Reached XP level 17. HP: 126/191 MP: 28/30
  2524 | D        | Noticed a spriggan druid
  2524 | D        | Noticed a spriggan air mage
  2524 | D        | Noticed a spriggan air mage
  2524 | D        | Killed a spriggan defender
  2528 | D        | Noticed an anaconda
  2529 | D        | Killed a spriggan defender
  2530 | D        | Killed a spriggan defender
  2531 | D        | Noticed a spriggan berserker
  2534 | D        | Noticed a spriggan defender
  2535 | D        | Noticed a wind drake
  2536 | D        | Noticed a spriggan druid
  2536 | D        | Noticed a spriggan druid
  2537 | D        | Noticed a shambling mangrove
  2537 | D        | Noticed a hornet
  2537 | D        | Noticed a faun
  2537 | D        | Killed a spriggan defender
  2538 | D        | Killed an anaconda
  2540 | D        | Noticed a spriggan defender
  2544 | D        | Killed a spriggan berserker
  2545 | D        | Noticed a thorn hunter
  2545 | D        | Killed a spriggan berserker
  2545 | D        | Reached skill level 20 in Evocations
  2549 | D        | Killed a spriggan defender
  2549 | D        | Reached skill level 19 in Armour
  2552 | D        | Killed a faun
  2552 | D        | Killed a spriggan druid
  2552 | D        | Reached skill level 19 in Shields
  2552 | D        | Killed a shambling mangrove
  2552 | D        | Killed a spriggan air mage
  2552 | D        | Reached skill level 24 in Fighting
  2554 | D        | Killed a spriggan defender
  2556 | D        | Killed a spriggan defender
  2556 | D        | Reached skill level 19 in Dodging
  2558 | D        | Killed a wasp
  2559 | D        | Killed a spriggan
  2566 | D        | Killed an anaconda
  2568 | D        | Killed a spriggan berserker
  2569 | D        | Killed a spriggan defender
  2570 | D        | Killed a spriggan defender
  2570 | D        | Killed a spriggan berserker
  2570 | D        | Killed a spriggan air mage
  2570 | D        | Killed a spriggan air mage
  2570 | D        | Killed a spriggan air mage
  2570 | D        | Killed a thorn hunter
  2571 | D        | Killed a spriggan air mage
  2572 | D        | Killed a spriggan air mage
  2572 | D        | Killed a spriggan air mage
  2575 | D        | Killed a spriggan air mage
  2577 | D        | Killed a spriggan air mage
  2578 | D        | Killed a spriggan berserker
  2580 | D        | Killed a spriggan berserker
  2581 | D        | Killed a spriggan druid
  2583 | D        | Killed a faun
  2583 | D        | Reached skill level 21 in Evocations
  2583 | D        | Killed a spriggan druid
  2584 | D        | Killed a wind drake
  2586 | D        | Killed a hornet
  2588 | D        | Killed a spriggan air mage
  2593 | D        | Killed a wind drake
  2597 | D        | Killed a shambling mangrove
  2598 | D        | Killed an apis
  2598 | D        | Reached skill level 20 in Armour
  2614 | D        | Killed a dryad
  2614 | D        | Reached skill level 20 in Shields
  2637 | D        | Got the +0 helmet of Curiosity {rC+ Stlth+}
  2660 | D        | Entered arena 25.
  2678 | D        | Noticed an ancient lich
  2678 | D        | Noticed a vault guard
  2678 | D        | Noticed a lich
  2678 | D        | Noticed a vault guard
  2678 | D        | Noticed a vault guard
  2678 | D        | Noticed a yaktaur
  2678 | D        | Noticed a lich
  2679 | D        | Noticed a stone giant
  2679 | D        | Noticed a shadow dragon
  2679 | D        | Noticed a stone giant
  2679 | D        | Identified a +0 rod of the swarm (9/14)
  2679 | D        | Noticed a yaktaur captain
  2683 | D        | Noticed a yaktaur
  2683 | D        | Noticed a vault guard
  2683 | D        | Noticed a yaktaur
  2684 | D        | Noticed a shadow dragon
  2685 | D        | Noticed a vault guard
  2685 | D        | Noticed a yaktaur captain
  2688 | D        | Noticed a vault guard
  2689 | D        | Killed a lich
  2690 | D        | Noticed an ancient lich
  2690 | D        | Noticed a vault guard
  2694 | D        | Noticed a stone giant
  2694 | D        | Noticed a vault guard
  2694 | D        | Noticed a shadow dragon
  2696 | D        | Noticed a Hell Sentinel
  2696 | D        | Noticed a vault guard
  2696 | D        | Noticed a shadow dragon
  2696 | D        | Noticed a vault guard
  2696 | D        | Killed a vault guard
  2697 | D        | Noticed a lich
  2697 | D        | Killed a vault guard
  2698 | D        | Noticed a shadow dragon
  2698 | D        | Noticed a stone giant
  2698 | D        | Noticed a vault guard
  2698 | D        | Noticed a yaktaur
  2698 | D        | Noticed an ancient lich
  2698 | D        | Noticed a yaktaur
  2698 | D        | Killed a lich
  2698 | D        | Reached skill level 20 in Dodging
  2699 | D        | Killed a vault guard
  2700 | D        | Noticed a vault guard
  2701 | D        | Noticed a vault guard
  2701 | D        | Killed an ancient lich
  2702 | D        | Noticed a vault guard
  2703 | D        | Noticed a vault guard
  2703 | D        | Noticed a vault guard
  2705 | D        | Noticed a yaktaur
  2705 | D        | Killed a stone giant
  2705 | D        | Reached skill level 25 in Fighting
  2705 | D        | Killed a vault guard
  2706 | D        | Killed a yaktaur captain
  2707 | D        | Noticed a shadow dragon
  2707 | D        | Noticed an ancient lich
  2708 | D        | Noticed a stone giant
  2708 | D        | Noticed a yaktaur
  2708 | D        | Noticed a yaktaur
  2709 | D        | Noticed a vault guard
  2709 | D        | Noticed a vault guard
  2709 | D        | Noticed a shadow dragon
  2710 | D        | Noticed a vault guard
  2712 | D        | Noticed a vault guard
  2712 | D        | Killed a shadow dragon
  2713 | D        | Noticed a vault guard
  2716 | D        | Noticed a Hell Sentinel
  2718 | D        | Killed a vault guard
  2719 | D        | Killed a shadow dragon
  2719 | D        | Killed a vault guard
  2720 | D        | Noticed a vault guard
  2720 | D        | Killed a vault guard
  2725 | D        | Killed an ancient lich
  2725 | D        | Reached skill level 22 in Evocations
  2730 | D        | Killed a vault guard
  2734 | D        | Killed an ancient lich
  2734 | D        | Reached skill level 21 in Armour
  2735 | D        | Killed a stone giant
  2736 | D        | Noticed a Brimstone Fiend
  2738 | D        | Killed a lich
  2738 | D        | Reached skill level 21 in Shields
  2740 | D        | Killed a stone giant
  2740 | D        | Reached XP level 18. HP: 202/208 MP: 33/33
  2741 | D        | Killed an ancient lich
  2741 | D        | Reached skill level 21 in Dodging
  2742 | D        | Killed a vault guard
  2742 | D        | Killed a vault guard
  2745 | D        | Killed a vault guard
  2747 | D        | Killed a vault guard
  2750 | D        | Killed a vault guard
  2750 | D        | Killed a shadow dragon
  2750 | D        | Reached skill level 26 in Fighting
  2751 | D        | Killed a shadow dragon
  2752 | D        | Killed a stone giant
  2756 | D        | Killed a yaktaur
  2756 | D        | Killed a shadow dragon
  2758 | D        | Killed a vault guard
  2760 | D        | Killed a yaktaur
  2760 | D        | Killed a vault guard
  2761 | D        | Killed a shadow dragon
  2767 | D        | Killed a stone giant
  2767 | D        | Reached skill level 23 in Evocations
  2769 | D        | Killed a yaktaur
  2771 | D        | Killed a yaktaur
  2775 | D        | Killed a shadow dragon
  2777 | D        | Killed a vault guard
  2780 | D        | Killed a vault guard
  2780 | D        | Killed a yaktaur
  2786 | D        | Killed a vault guard
  2788 | D        | Killed a yaktaur
  2789 | D        | Killed a vault guard
  2790 | D        | Killed a vault guard
  2794 | D        | Killed a yaktaur
  2796 | D        | Killed a yaktaur
  2803 | D        | Killed a vault guard
  2815 | D        | Got the ring of Surprise {Str+6 Int+8}
  2838 | D        | Entered arena 26.
  2856 | D        | Noticed a soul eater
  2856 | D        | Noticed a reaper
  2856 | D        | Noticed a soul eater
  2857 | D        | Noticed a soul eater
  2857 | D        | Noticed a soul eater
  2857 | D        | Noticed a shadow
  2857 | D        | Noticed a skeletal warrior
  2859 | D        | Noticed a necrophage
  2859 | D        | Noticed a soul eater
  2859 | D        | Noticed a ghoul
  2859 | D        | Noticed a shadow dragon
  2859 | D        | Noticed a wight
  2860 | D        | Noticed a soul eater
  2860 | D        | Noticed a Shadow Fiend
  2863 | D        | Noticed a soul eater
  2863 | D        | Killed a shadow
  2865 | D        | Noticed a soul eater
  2867 | D        | Noticed a ghoul
  2867 | D        | Killed a soul eater
  2874 | D        | Noticed a shadow dragon
  2874 | D        | Noticed a shadow dragon
  2874 | D        | Killed a shadow dragon
  2874 | D        | Reached skill level 22 in Armour
  2875 | D        | Noticed a ghoul
  2876 | D        | Noticed a soul eater
  2876 | D        | Killed a Shadow Fiend
  2876 | D        | Reached skill level 22 in Shields
  2876 | D        | Killed a soul eater
  2877 | D        | Noticed a ghoul
  2877 | D        | Noticed a Shadow Fiend
  2877 | D        | Noticed a soul eater
  2877 | D        | Killed a ghoul
  2877 | D        | Reached skill level 22 in Dodging
  2878 | D        | Noticed a ghoul
  2878 | D        | Noticed a ghoul
  2878 | D        | Noticed a shadow dragon
  2879 | D        | Killed a wight
  2881 | D        | Noticed a shadow
  2881 | D        | Killed a soul eater
  2883 | D        | Killed a skeletal warrior
  2884 | D        | Noticed a shadow dragon
  2885 | D        | Killed a necrophage
  2888 | D        | Noticed a soul eater
  2890 | D        | Killed a shadow dragon
  2892 | D        | Killed a soul eater
  2893 | D        | Killed a soul eater
  2894 | D        | Killed a ghoul
  2899 | D        | Killed a ghoul
  2900 | D        | Killed a shadow dragon
  2901 | D        | Killed a shadow dragon
  2901 | D        | Killed a soul eater
  2902 | D        | Killed a soul eater
  2905 | D        | Killed a shadow dragon
  2906 | D        | Banished a Shadow Fiend
  2907 | D        | Killed a shadow
  2908 | D        | Killed a soul eater
  2908 | D        | Reached skill level 27 in Fighting
  2910 | D        | Killed a ghoul
  2911 | D        | Killed a soul eater
  2911 | D        | Reached skill level 24 in Evocations
  2918 | D        | Killed a ghoul
  2928 | D        | Killed a reaper
  2934 | D        | Identified Rixaj's Guide on Ashen Changing
  2937 | D        | Got the +8 eveningstar "Qirirros" {venom, +Fly Int+4}
  2949 | D        | Got the ring of Gecvu {rN+ MR- Int+3 SInv Stlth+}
  2954 | D        | Got the ring of Balance {Str+3 SInv}
  2975 | D        | Got the amulet "Kaut" {Gourm rElec Str+2}
  2978 | D        | Got the cursed +1 great sword of Pride {slice, rElec rC+ MR- Str+3}
  2981 | D        | Got the amulet of Esiolec {Faith Str+2 Int+2 Stlth-}
  2998 | D        | Entered arena 27.
  3017 | D        | Killed a soul eater
  3019 | D        | Noticed a redback
  3019 | D        | Noticed a demonic crawler
  3020 | D        | Noticed a redback
  3020 | D        | Noticed a hornet
  3020 | D        | Noticed a wolf spider
  3020 | D        | Noticed a tarantella
  3020 | D        | Noticed a hornet
  3021 | D        | Noticed a ghost moth
  3021 | D        | Noticed a tarantella
  3021 | D        | Noticed a jumping spider
  3021 | D        | Noticed a demonic crawler
  3021 | D        | Killed a redback
  3022 | D        | Noticed a hornet
  3022 | D        | Noticed a trapdoor spider
  3022 | D        | Noticed a ghost moth
  3022 | D        | Noticed a redback
  3022 | D        | Noticed a moth of wrath
  3022 | D        | Noticed a ghost moth
  3022 | D        | Noticed a demonic crawler
  3022 | D        | Noticed a hornet
  3023 | D        | Noticed an orb spider
  3023 | D        | Noticed an orb spider
  3023 | D        | Noticed a jumping spider
  3023 | D        | Noticed a moth of wrath
  3024 | D        | Noticed a hornet
  3024 | D        | Noticed a ghost moth
  3024 | D        | Noticed a tarantella
  3025 | D        | Noticed a redback
  3025 | D        | Noticed a wolf spider
  3025 | D        | Killed a redback
  3025 | D        | Noticed an orb spider
  3026 | D        | Noticed a wasp
  3027 | D        | Noticed a wasp
  3027 | D        | Noticed a hornet
  3027 | D        | Killed a wolf spider
  3027 | D        | Killed a tarantella
  3027 | D        | Killed a hornet
  3028 | D        | Noticed a jumping spider
  3028 | D        | Noticed a wolf spider
  3029 | D        | Killed a trapdoor spider
  3030 | D        | Killed a hornet
  3030 | D        | Killed a tarantella
  3031 | D        | Noticed a demonic crawler
  3031 | D        | Killed a redback
  3032 | D        | Noticed an orb spider
  3032 | D        | Killed a hornet
  3032 | D        | Killed a demonic crawler
  3033 | D        | Noticed a tarantella
  3033 | D        | Killed a moth of wrath
  3033 | D        | Killed a ghost moth
  3033 | D        | Killed a ghost moth
  3033 | D        | Reached skill level 23 in Armour
  3035 | D        | Noticed a demonic crawler
  3035 | D        | Noticed a demonic crawler
  3035 | D        | Killed a hornet
  3035 | D        | Reached skill level 23 in Shields
  3036 | D        | Killed a hornet
  3037 | D        | Killed a wasp
  3038 | D        | Noticed a demonic crawler
  3038 | D        | Killed a moth of wrath
  3039 | D        | Noticed a demonic crawler
  3040 | D        | Noticed a spider
  3040 | D        | Noticed a wasp
  3040 | D        | Killed a demonic crawler
  3040 | D        | Killed a tarantella
  3040 | D        | Noticed a trapdoor spider
  3041 | D        | Noticed a ghost moth
  3041 | D        | Killed a demonic crawler
  3042 | D        | Noticed a wasp
  3042 | D        | Noticed a hornet
  3042 | D        | Killed a tarantella
  3042 | D        | Killed an orb spider
  3042 | D        | Reached skill level 23 in Dodging
  3043 | D        | Noticed an orb spider
  3043 | D        | Noticed an orb spider
  3043 | D        | Killed a jumping spider
  3044 | D        | Noticed an orb spider
  3044 | D        | Noticed a demonic crawler
  3044 | D        | Noticed an entropy weaver
  3044 | D        | Killed a ghost moth
  3045 | D        | Noticed a demonic crawler
  3045 | D        | Killed a wolf spider
  3046 | D        | Noticed an orb spider
  3046 | D        | Noticed a hornet
  3046 | D        | Killed a wasp
  3046 | D        | Noticed a trapdoor spider
  3047 | D        | Noticed a wasp
  3047 | D        | Killed a demonic crawler
  3048 | D        | Noticed a hornet
  3048 | D        | Killed a hornet
  3048 | D        | Killed a demonic crawler
  3048 | D        | Killed an orb spider
  3048 | D        | Killed a jumping spider
  3050 | D        | Noticed a demonic crawler
  3051 | D        | Killed a demonic crawler
  3051 | D        | Killed a hornet
  3053 | D        | Noticed a redback
  3053 | D        | Killed a demonic crawler
  3053 | D        | Killed a jumping spider
  3054 | D        | Noticed a ghost moth
  3054 | D        | Killed a wasp
  3055 | D        | Killed a demonic crawler
  3055 | D        | Killed an orb spider
  3056 | D        | Killed a spider
  3056 | D        | a demonic crawler changed into an apocalypse crab
  3056 | D        | Killed a redback
  3059 | D        | Killed a hornet
  3062 | D        | Killed a trapdoor spider
  3063 | D        | Killed a hornet
  3063 | D        | Banished a demonic crawler
  3065 | D        | Killed an orb spider
  3066 | D        | Killed an orb spider
  3066 | D        | Killed a redback
  3068 | D        | Killed a trapdoor spider
  3071 | D        | Killed an orb spider
  3072 | D        | Killed a ghost moth
  3072 | D        | Reached skill level 25 in Evocations
  3073 | D        | Killed a ghost moth
  3073 | D        | Killed a wasp
  3073 | D        | Killed an orb spider
  3076 | D        | Killed an entropy weaver
  3078 | D        | Killed a ghost moth
  3080 | D        | Killed a wasp
  3081 | D        | Killed an orb spider
  3081 | D        | Gained mutation: You regenerate a little health from kills. [demonic ancestry]
  3081 | D        | Reached XP level 19. HP: 221/221 MP: 35/35
  3093 | D        | Got the cursed +0 troll leather armour of Luetufam {+Blink Regen+ rCorr, regen}
  3113 | D        | Got the Orb of Zot
  3118 | D        | Escaped with the Orb!

Table legend:
 A = Turns spent in this place as a percentage of turns spent in the entire game.
 B = Non-inter-level travel turns spent in this place as a percentage of non-inter-level travel turns spent in the entire game.
 C = Inter-level travel turns spent in this place as a percentage of turns spent in this place.
 D = Turns resting spent in this place as a percentage of non-inter-level travel turns spent in this place.
 E = Turns spent auto-exploring this place as a percentage of non-inter-level travel turns spent in this place.
 F = Non-inter-level travel turns spent in this place divided by the number of levels of this place that you've seen.
                   A       B       C       D       E      F
               +-------+-------+-------+-------+-------+----------------------
         Total | 100.0 | 100.0 |   0.0 |   1.5 |   0.0 | 2694.0
       Dungeon | 100.0 | 100.0 |   0.0 |   1.5 |   0.0 | 2694.0
               +-------+-------+-------+-------+-------+----------------------

Table legend:
 A = Kills in this place as a percentage of kills in entire the game.
 B = Kills by you in this place as a percentage of kills by you in the entire game.
 C = Kills by friends in this place as a percentage of kills by friends in the entire game.
 D = Other kills in this place as a percentage of other kills in the entire game.
 E = Experience gained in this place as a percentage of experience gained in the entire game.
 F = Experience gained in this place divided by the number of levels of this place that you have seen.
                   A       B       C       D       E      F
               +-------+-------+-------+-------+-------+----------------------
         Total | 100.0 | 100.0 | 100.0 | 100.0 | 100.0 | 376589.0
       Dungeon | 100.0 | 100.0 | 100.0 | 100.0 | 100.0 | 376589.0
               +-------+-------+-------+-------+-------+----------------------

Vanquished Creatures
  4 ancient liches (D)
  9 pandemonium lords (D)
  2 liches (D)
  2 quicksilver dragons (D)
  A Shadow Fiend (D)
  2 deep elf blademasters (D)
  7 deep elf master archers (D)
  An Executioner (D)
  A thorn hunter (D)
  15 shadow dragons (D)
  4 greater nagas (D)
  2 deep elf sorcerers (D)
  7 ghost moths (D)
  9 spriggan defenders (D)
  5 ghouls (D)
  A balrug (D)
  7 reapers (D)
  A very ugly thing (D)
  An apis (D)
  8 stone giants (D)
  A dire elephant (D)
  A death ooze (D)
  5 merfolk javelineers (D)
  17 vault guards (D)
  3 crystal guardians (D)
  2 great orbs of eyes (D)
  A deep elf high priest (D)
  5 yaktaur captains (D)
  An entropy weaver (D)
  11 spriggan air magi (D)
  4 naga warriors (D)
  6 centaur warriors (D)
  5 anacondas (D)
  2 satyrs (D)
  19 soul eaters (D)
  A hell knight (D)
  9 spriggan berserkers (D)
  6 iron golems (D)
  2 skeletal warriors (D)
  A flayed ghost (D)
  2 shambling mangroves (D)
  3 spriggan druids (D)
  9 orb spiders (D)
  A mana viper (shapeshifter) (D)
  A harpy (shapeshifter) (D)
  3 wolf spiders (D)
  3 draconians (D)
  13 hornets (D)
  3 ugly things (D)
  6 cyclopes (D)
  2 moths of wrath (D)
  3 fauns (D)
  5 rust devils (D)
  An apocalypse crab (D)
  An octopode (shapeshifter) (D)
  A sixfirhy (D)
  An elephant (shapeshifter) (D)
  5 toenail golems (D)
  4 black mambas (D)
  A torpor snail (shapeshifter) (D)
  3 naga magi (D)
  A guardian serpent (shapeshifter) (D)
  A hellion (D)
  15 yaktaurs (D)
  A komodo dragon (D)
  A fire drake (D)
  A tormentor (D)
  2 efreet (D)
  9 demonic crawlers (D)
  2 dryads (D)
  4 jumping spiders (D)
  4 wind drakes (D)
  2 blue devils (D)
  A merfolk (shapeshifter) (D)
  6 slime creatures (D)
  A blink frog (shapeshifter) (D)
  4 shadows (D)
  5 trapdoor spiders (D)
  7 redbacks (D)
  2 spriggans (D)
  2 wraiths (D)
  8 tarantellas (D)
  2 deep elf magi (D)
  2 golden eyes (D)
  A hippogriff (shapeshifter) (D)
  A deep elf fighter (D)
  A neqoxec (D)
  2 wolves (D)
  A naga (D)
  2 hell hounds (D)
  4 water moccasins (D)
  2 porcupines (D)
  11 wasps (D)
  2 spiders (D)
  4 centaurs (D)
  2 phantoms (D)
  5 necrophages (D)
  2 orc warriors (D)
  2 giant frogs (D)
  8 earth elementals (D)
  3 scorpions (D)
  3 wights (D)
  A crimson imp (D)
  2 orc priests (D)
  3 jellies (D)
  An orc wizard (D)
  5 iron imps (D)
  An iguana (D)
  A sheep (D)
  A river rat (D)
  3 adders (D)
  A shadow imp (D)
  An ooze (D)
  An ufetubus (D)
  3 spectral adders (D)
  6 adder skeletons (D)
  11 adder zombies (D)
  2 orcs (D)
  A spectral bat (D)
  10 bat skeletons (D)
  9 bat zombies (D)
  3 ball pythons (D)
  3 ball python zombies (D)
  6 giant cockroach zombies (D)
  A giant gecko skeleton (D)
  2 giant gecko zombies (D)
  A jackal skeleton (D)
  4 jackal zombies (D)
  2 quokka skeletons (D)
  2 quokka zombies (D)
  A spectral quokka (D)
489 creatures vanquished.

Vanquished Creatures (collateral kills)
  A bat zombie (D)
1 creature vanquished.

Vanquished Creatures (others)
  A lich (D)
  A deep elf master archer (D)
  A Shadow Fiend (D)
  An eldritch tentacle (D)
  A shadow dragon (D)
  A ghost moth (D)
  4 vault guards (D)
  A yaktaur captain (D)
  A cyclops (D)
  A demonic crawler (D)
  77 eldritch tentacle segments (D)
  A fire vortex (D)
91 creatures vanquished.

Grand Total: 581 creatures vanquished
